 Dungeon Crawl Stone Soup version 0.31-a0-960-g0fca184906 (webtiles) character file.

Game seed: 14770243179829099948

1 Azuregosa the Sneak (level 1, -1/16 HPs)
             Began as an Octopode Delver on Oct 22, 2023.
             Splashed by a jelly's acid (7 damage)
             ... on level 4 of the Dungeon.
             The game lasted 00:01:23 (157 turns).

Azuregosa the Sneak (Octopode Delver)                Turns: 157, Time: 00:01:24

Health: -1/16      AC:  1    Str: 11    XL:     1   Next: 20%
Magic:  1/1        EV: 13    Int: 12    God:
Gold:   26         SH:  0    Dex: 13    Spells: 0/0 levels left

rFire   . . .        a - +0 short sword
rCold   . . .        (no shield)
rNeg    . . .        (helmet restricted)
rPois   .            (no amulet)
rElec   .            (no ring)
rCorr   .            (no ring)
SInv    .            (no ring)
Will    .....        (no ring)
Stlth   ++++         (no ring)
HPRegen 0.22/turn    (no ring)
MPRegen 0.07/turn    (no ring)
                     (no ring)

%: no passive effects
@: no status effects
A: almost no armour, amphibious, 8 rings, camouflage 1, gelatinous body 1,
(nimble swimmer 1), tentacles
a: no special abilities


You were on level 4 of the Dungeon.
You visited 2 branches of the dungeon, and saw 4 of its levels.

You collected 26 gold pieces.

Inventory:

Hand Weapons
 a - a +0 short sword (weapon)
 c - a +0 whip
Wands
 f - a wand of digging (3)
Scrolls
 b - a scroll of fog
 d - a scroll of fear
 g - a scroll of identify {unknown}
Potions
 e - a potion of haste
 h - a potion of heal wounds {unknown}


   Skills:
 - Level 3.0 Fighting
 - Level 2.0 Short Blades
 - Level 2.0 Dodging
 + Level 6.7 Stealth


You couldn't memorise any spells.
You didn't know any spells.
Your spell library was empty.

Dungeon Overview and Level Annotations

Branches:
Dungeon (6/15)             Temple (1/1) D:5

Altars:
Cheibriados
Dithmenos
Fedhas
Gozag
Hepliaklqana
Kikubaaqudgha
Makhleb
Nemelex Xobeh
Okawaru
Qazlal
Ru
Sif Muna
Trog
Uskayaw
Vehumet
Wu Jian
Xom
Yredelemnul
Zin
The Shining One

Shops:
D:4 [


Innate Abilities, Weirdness & Mutations

You cannot wear most types of armour.
You are amphibious.
You can wear up to eight rings at the same time.
Your skin changes colour to match your surroundings (Stealth+).
Your rubbery body absorbs attacks. (AC +1, EV +1)
((You are camouflaged when in or above water. (Stealth+)))
You have tentacles for arms and can constrict up to eight enemies at once.


Message History

You climb downwards.
Welcome to the Ecumenical Temple!
Found an iron altar of Okawaru.
Found a staircase back to the Dungeon.
There is a staircase back to the Dungeon here.
You have 14 gold pieces.
You climb upwards.
There is a staircase to the Ecumenical Temple here.
There is a fountain of clear blue water here.
A hound comes into view.
There is a stone staircase leading down here.
There is a stone staircase leading up here.
You climb upwards.
Found 8 gold pieces and a scroll labelled TIVEKH VUKIEV.
There is a stone staircase leading down here.
Found a flail.
The helpless hobgoblin fails to defend itself.
You puncture the hobgoblin!
You kill the hobgoblin!
You now have 22 gold pieces (gained 8).
Found Lutz's Armour Emporium.
g - a scroll labelled TIVEKH VUKIEV
There are no items here.
You open the door.
There is an open door here.
You open the door.
There is an open translucent door here.
There is an entrance to Lutz's Armour Emporium here.
You can access your shopping list by pressing '$'.
There is an open translucent door here.
h - a smoky coppery potion A jelly comes into view.
The jelly quivers.
You see here 4 gold pieces.
You now have 26 gold pieces (gained 4).
You hit the jelly.
Your tentacles burn!
You tentacle-slap the jelly.
The jelly is heavily wounded.
The jelly barely misses you.
You hit the jelly.
Your tentacles burn!
You tentacle-slap the jelly.
The jelly is severely wounded.
The jelly hits you.
You are splashed with acid!
You die...

#..............#
######..###....#
#..#∩#.####
#..#'#.####
#...........
#....#.######
#...........#
#.###....^..#
#.# #@......#
#.# #J......#
#.# #.......#
#.# #.......+
#.# #.......#
#.......#
##.###### .#


You could see a jelly.

Vanquished Creatures
  A hobgoblin (D:4)
1 creature vanquished.

Notes
Turn   | Place    | Note
-------+----------+-------------------------------------------
     0 | D:5      | Azuregosa the Octopode Delver began the quest for the Orb.
     0 | D:5      | Reached XP level 1. HP: 16/16 MP: 1/1
     2 | D:6      | Noticed a hound
     2 | D:6      | Noticed a hound
    37 | D:5      | Found a staircase to the Ecumenical Temple.
    45 | Temple   | Entered the Ecumenical Temple
    64 | D:5      | Noticed a hound
   113 | D:4      | Found Lutz's Armour Emporium.
   152 | D:4      | Noticed a jelly
   157 | D:4      | Splashed by a jelly's acid

Illustrated notes

Levels and vault maps discovered:
D:4:      layout_basic, serial_shops, nicolae_shop_tiny_glass,
          nicolae_specific_store
D:5:      layout_loops_ring, temple_fountains, uniq_blork_the_orc
D:6:      layout_rooms, serial_shops, shop, minmay_misc_feat_pillars
Temple:   nicolae_temple_bog_church

Action                     || total
---------------------------++-------
  Melee: Short sword       ||     3
         Punch             ||     2
    Use: Scroll            ||     1
   Stab: Sleeping          ||     1
 Armour: Skin              ||     1
  Dodge: Dodged            ||     1

Table legend: (Time is in decaauts)
 A = Elapsed time spent in this place.
 B = Non-inter-level travel time spent in this place.
 C = Inter-level travel time spent in this place.
 D = Time resting spent in this place.
 E = Time spent auto-exploring this place.
 F = Levels seen in this place.
 G = Mean time per level.
                   A        B        C        D        E       F      G
               +--------+--------+--------+--------+--------+-----+--------+
         Total |    157 |    157 |      0 |      0 |     23 |   4 |   39.2 |
       Dungeon |    155 |    155 |      0 |      0 |     23 |   3 |   51.7 |
        Temple |      1 |      1 |      0 |      0 |      0 |   1 |    1.0 |
               +--------+--------+--------+--------+--------+-----+--------+

Top non-repeatable levels by time:
     D:5: 99 daAuts
     D:4: 54 daAuts
  Temple: 1 daAuts
     D:6: 1 daAuts
